% Time on Ice - VANCOUVER VOODOO
Lines # - Real PCT - Wanted PCT - Time Play
Normal Forward
1 - 30% - 33% - 15:46
2 - 31% - 32% - 16:29
3 - 27% - 26% - 14:05
4 - 12% - 9% - 6:19
Normal Defense
1 - 34% - 36% - 17:54
2 - 35% - 35% - 18:10
3 - 31% - 29% - 16:35
4 - 0% - 0% - 0:00
PP Forward
1 - 54% - 53% - 3:10
2 - 46% - 47% - 2:43
PP Defense
1 - 42% - 53% - 2:28
2 - 58% - 47% - 3:25
PK Forward
1 - 51% - 53% - 0:45
2 - 49% - 47% - 0:43
PK Defense
1 - 53% - 53% - 0:47
2 - 47% - 47% - 0:41
PK3 Forward
1 - 0% - 55%
2 - 0% - 45%
PK3 Defense
1 - 0% - 52%
2 - 0% - 48%
44 Forward
1 - 0% - 51%
2 - 0% - 49%
44 Defense
1 - 0% - 52%
2 - 0% - 48%
Last Minute Offensive  - 0:00
Last Minute Defensive  - 0:00
Total
Forward - 60:00
Defense - 60:00
% Time on Ice - SALEM BLACK JAYS
Lines # - Real PCT - Wanted PCT - Time Play
Normal Forward
1 - 37% - 36% - 19:27
2 - 30% - 31% - 15:43
3 - 22% - 23% - 11:30
4 - 11% - 10% - 5:59
Normal Defense
1 - 34% - 36% - 17:56
2 - 33% - 31% - 17:31
3 - 26% - 23% - 13:54
4 - 6% - 10% - 3:18
PP Forward
1 - 51% - 55% - 0:45
2 - 49% - 45% - 0:43
PP Defense
1 - 51% - 55% - 0:45
2 - 49% - 45% - 0:43
PK Forward
1 - 65% - 55% - 3:48
2 - 35% - 45% - 2:05
PK Defense
1 - 53% - 55% - 3:08
2 - 47% - 45% - 2:45
PK3 Forward
1 - 0% - 55%
2 - 0% - 45%
PK3 Defense
1 - 0% - 55%
2 - 0% - 45%
44 Forward
1 - 0% - 55%
2 - 0% - 45%
44 Defense
1 - 0% - 55%
2 - 0% - 45%
Last Minute Offensive  - 0:00
Last Minute Defensive  - 0:00
Total
Forward - 60:00
Defense - 60:00
Play-by-Play 1st period 0:01 of 1st period - Mathew Barzal wins face-off versus Joshua Norris in neutral zone. 0:21 of 1st period - Icing by Mathew Barzal. 0:22 of 1st period - Mathew Barzal wins face-off versus Christian Dvorak in SALEM BLACK JAYS zone. 0:34 of 1st period - Icing by Mitchell Marner. 0:35 of 1st period - Mikko Rantanen wins face-off versus Cody Glass in SALEM BLACK JAYS zone. 0:44 of 1st period - Shot by Mikko Rantanen. 0:44 of 1st period - Stopped by Samuel Montembeault without a rebound. 0:45 of 1st period - Dylan Larkin wins face-off versus Brendan Gallagher in VANCOUVER VOODOO zone. 0:54 of 1st period - Shot by Dylan Larkin. 0:54 of 1st period - Shot Blocked by Braden Schneider. 0:56 of 1st period - Shot by Dylan Larkin. 0:56 of 1st period - Stopped by Samuel Montembeault with a rebound. 1:16 of 1st period - Shot by Martin Necas. 1:16 of 1st period - Shot Misses the Net. 1:18 of 1st period - Shot by Barrett Hayton. 1:18 of 1st period - Shot Misses the Net. 1:20 of 1st period - Shot by Cody Ceci. 1:20 of 1st period - Stopped by Samuel Montembeault without a rebound. 1:21 of 1st period - Dylan Cozens wins face-off versus Christian Dvorak in VANCOUVER VOODOO zone. 1:29 of 1st period - Christian Dvorak is hit by Colin Miller and loses puck. 1:59 of 1st period - Off-side. 2:00 of 1st period - Filip Chytil wins face-off versus Cody Glass in neutral zone. 2:00 of 1st period - Filip Chytil is hit by Conor Garland. 2:12 of 1st period - Shot by Cody Glass. 2:12 of 1st period - Shot Hit the Post. 2:25 of 1st period - Cody Glass is hit by Joshua Morrissey and loses puck. 2:34 of 1st period - Shot by Cody Glass. 2:34 of 1st period - Shot Blocked by Joshua Morrissey. 2:38 of 1st period - Shot by Cody Glass. 2:38 of 1st period - Shot Blocked by Joshua Morrissey. 2:54 of 1st period - Shot by Josh Anderson. 2:54 of 1st period - Stopped by Juuse Saros with a rebound. 3:10 of 1st period - Shot by Rafael Harvey-Pinard. 3:10 of 1st period - Shot Blocked by Nick Jensen. 3:12 of 1st period - Shot by Braden Schneider. 3:12 of 1st period - Stopped by Juuse Saros without a rebound. 3:13 of 1st period - Mathew Barzal wins face-off versus Christian Dvorak in SALEM BLACK JAYS zone. 3:30 of 1st period - Shot by Nicolas Roy. 3:30 of 1st period - Deflect By Christian Dvorak. 3:30 of 1st period - Stopped by Juuse Saros without a rebound. 3:31 of 1st period - Dylan Larkin wins face-off versus Joshua Norris in SALEM BLACK JAYS zone. 3:54 of 1st period - Shot by Dylan Larkin. 3:54 of 1st period - Shot Misses the Net. 3:58 of 1st period - Shot by Dylan Larkin. 3:58 of 1st period - Goal by Dylan Larkin - VANCOUVER VOODOO : 0 - SALEM BLACK JAYS : 1. 3:59 of 1st period - Mathew Barzal wins face-off versus Christian Dvorak in neutral zone. 4:20 of 1st period - Shot by Mikko Rantanen. 4:20 of 1st period - Stopped by Samuel Montembeault without a rebound. 4:21 of 1st period - Joshua Norris wins face-off versus Dylan Cozens in VANCOUVER VOODOO zone. 4:38 of 1st period - Shot by Josh Anderson. 4:38 of 1st period - Deflect By Rafael Harvey-Pinard. 4:38 of 1st period - Stopped by Juuse Saros without a rebound. 4:39 of 1st period - Dylan Larkin wins face-off versus Cody Glass in SALEM BLACK JAYS zone. 5:09 of 1st period - Shot by Cody Glass. 5:09 of 1st period - Stopped by Juuse Saros with a rebound. 5:17 of 1st period - Shot by Cody Glass. 5:17 of 1st period - Deflect By Conor Garland. 5:17 of 1st period - Stopped by Juuse Saros without a rebound. 5:18 of 1st period - Joshua Norris wins face-off versus Mitchell Marner in SALEM BLACK JAYS zone. 5:26 of 1st period - Mikko Rantanen is hit by Rafael Harvey-Pinard and loses puck. 5:36 of 1st period - Icing by Nick Jensen. 5:37 of 1st period - Christian Dvorak wins face-off versus Mathew Barzal in SALEM BLACK JAYS zone. 6:48 of 1st period - Shot by Joshua Norris. 6:48 of 1st period - Shot Misses the Net. 6:50 of 1st period - Shot by Rafael Harvey-Pinard. 6:50 of 1st period - Deflect By Joshua Norris. 6:50 of 1st period - Stopped by Juuse Saros without a rebound. 6:51 of 1st period - Cody Glass wins face-off versus Dylan Larkin in SALEM BLACK JAYS zone. 6:56 of 1st period - Shot by Cody Glass. 6:56 of 1st period - Stopped by Juuse Saros without a rebound. 6:57 of 1st period - Dylan Cozens wins face-off versus Rafael Harvey-Pinard in SALEM BLACK JAYS zone. 7:36 of 1st period - Shot by Rafael Harvey-Pinard. 7:36 of 1st period - Shot Blocked by Colin Miller. 7:38 of 1st period - Shot by Jordan Harris. 7:38 of 1st period - Shot Blocked by Matt Benning. 7:40 of 1st period - Shot by Joshua Norris. 7:40 of 1st period - Deflect By Josh Anderson. 7:40 of 1st period - Shot Misses the Net. 8:07 of 1st period - Shot by Cody Glass. 8:07 of 1st period - Deflect By Josh Bailey. 8:07 of 1st period - Shot Misses the Net. 8:09 of 1st period - Shot by Conor Garland. 8:09 of 1st period - Shot Misses the Net. 8:11 of 1st period - Shot by Cody Glass. 8:11 of 1st period - Goal by Cody Glass - VANCOUVER VOODOO : 1 - SALEM BLACK JAYS : 1. 8:12 of 1st period - Christian Dvorak wins face-off versus Mitchell Marner in neutral zone. 8:16 of 1st period - Icing by Nick Jensen. 8:17 of 1st period - Mathew Barzal wins face-off versus Radek Faksa in SALEM BLACK JAYS zone. 8:17 of 1st period - Mathew Barzal is hit by Brendan Gallagher. 8:26 of 1st period - Mitchell Marner is hit by Logan Stanley and loses puck. 8:31 of 1st period - Shot by Mathew Barzal. 8:31 of 1st period - Stopped by Samuel Montembeault without a rebound. 8:32 of 1st period - Dylan Larkin wins face-off versus Christian Dvorak in VANCOUVER VOODOO zone. 8:33 of 1st period - Shot by Barrett Hayton. 8:33 of 1st period - Shot Misses the Net. 8:57 of 1st period - Shot by Dylan Larkin. 8:57 of 1st period - Stopped by Samuel Montembeault without a rebound. 8:58 of 1st period - Mathew Barzal wins face-off versus Cody Glass in VANCOUVER VOODOO zone. 9:23 of 1st period - Shot by Conor Garland. 9:23 of 1st period - Stopped by Juuse Saros without a rebound. 9:24 of 1st period - Dylan Larkin wins face-off versus Joshua Norris in SALEM BLACK JAYS zone. 10:02 of 1st period - Shot by Josh Anderson. 10:02 of 1st period - Stopped by Juuse Saros with a rebound. 10:04 of 1st period - Shot by Josh Anderson. 10:04 of 1st period - Shot Hit the Post. 10:06 of 1st period - Shot by Rafael Harvey-Pinard. 10:06 of 1st period - Stopped by Juuse Saros without a rebound. 10:07 of 1st period - Christian Dvorak wins face-off versus Dylan Cozens in SALEM BLACK JAYS zone. 10:42 of 1st period - Shot by Jonathan Drouin. 10:42 of 1st period - Stopped by Juuse Saros with a rebound. 10:44 of 1st period - Shot by Christian Dvorak. 10:44 of 1st period - Shot Hit the Post. 10:46 of 1st period - Shot by Jonathan Drouin. 10:46 of 1st period - Stopped by Juuse Saros without a rebound. 10:47 of 1st period - Cody Glass wins face-off versus Mathew Barzal in SALEM BLACK JAYS zone. 11:17 of 1st period - Conor Garland is hit by Matt Benning and loses puck. 11:58 of 1st period - Shot by Dylan Larkin. 11:58 of 1st period - Shot Misses the Net. 12:00 of 1st period - Shot by Martin Necas. 12:00 of 1st period - Stopped by Samuel Montembeault without a rebound. 12:01 of 1st period - Dylan Cozens wins face-off versus Joshua Norris in VANCOUVER VOODOO zone. 12:13 of 1st period - Shot by Dylan Cozens. 12:13 of 1st period - Shot Misses the Net. 12:34 of 1st period - Shot by Rafael Harvey-Pinard. 12:34 of 1st period - Shot Blocked by Nick Jensen. 12:36 of 1st period - Shot by Josh Anderson. 12:36 of 1st period - Shot Misses the Net. 12:38 of 1st period - Shot by Josh Anderson. 12:38 of 1st period - Stopped by Juuse Saros without a rebound. 12:39 of 1st period - Christian Dvorak wins face-off versus Dylan Larkin in SALEM BLACK JAYS zone. 13:33 of 1st period - Minor Penalty to Mikko Rantanen for Hooking. 13:34 of 1st period - Cody Glass wins face-off versus Theodor Blueger in SALEM BLACK JAYS zone. 14:30 of 1st period - Shot by Martin Necas. 14:30 of 1st period - Shot Misses the Net. 17:15 of 1st period - Icing by Jordan Harris. 17:16 of 1st period - Christian Dvorak wins face-off versus Dylan Larkin in VANCOUVER VOODOO zone. 17:23 of 1st period - Off-side. 17:24 of 1st period - Joshua Norris wins face-off versus Dylan Larkin in neutral zone. 17:35 of 1st period - Shot by Josh Anderson. 17:35 of 1st period - Shot Blocked by Scott Mayfield. 17:49 of 1st period - Shot by Rafael Harvey-Pinard. 17:49 of 1st period - Stopped by Juuse Saros without a rebound. 17:50 of 1st period - Cody Glass wins face-off versus Mathew Barzal in SALEM BLACK JAYS zone. 17:51 of 1st period - Shot by Conor Garland. 17:51 of 1st period - Shot Misses the Net. 18:01 of 1st period - Shot by Cody Glass. 18:01 of 1st period - Stopped by Juuse Saros without a rebound. 18:02 of 1st period - Filip Chytil wins face-off versus Joshua Norris in SALEM BLACK JAYS zone. 18:13 of 1st period - Icing by Joshua Norris. 18:14 of 1st period - Joshua Norris wins face-off versus Mathew Barzal in VANCOUVER VOODOO zone. 18:29 of 1st period - Shot by Rafael Harvey-Pinard. 18:29 of 1st period - Stopped by Juuse Saros without a rebound. 18:30 of 1st period - Cody Glass wins face-off versus Barrett Hayton in SALEM BLACK JAYS zone. 18:43 of 1st period - Shot by Conor Garland. 18:43 of 1st period - Shot Misses the Net. 19:19 of 1st period - Dylan Larkin is hit by Logan Stanley and loses puck. 19:49 of 1st period - Icing by Logan Stanley. 19:50 of 1st period - Cody Glass wins face-off versus Filip Chytil in VANCOUVER VOODOO zone. 19:59 of 1st period - Matt Benning is hit by Cody Glass and loses puck. Goals for this period are 1 for VANCOUVER VOODOO vs 1 for SALEM BLACK JAYS. Shots for this period are 18 for VANCOUVER VOODOO vs 8 for SALEM BLACK JAYS. 2nd period 0:01 of 2nd period - Joshua Norris wins face-off versus Mathew Barzal in neutral zone. 0:14 of 2nd period - Shot by Joshua Norris. 0:14 of 2nd period - Shot Blocked by Joshua Morrissey. 0:24 of 2nd period - Shot by Josh Anderson. 0:24 of 2nd period - Goal by Josh Anderson - VANCOUVER VOODOO : 2 - SALEM BLACK JAYS : 1. 0:25 of 2nd period - Dylan Cozens wins face-off versus Christian Dvorak in neutral zone. 0:51 of 2nd period - Icing by Matt Benning. 0:52 of 2nd period - Dylan Cozens wins face-off versus Joshua Norris in SALEM BLACK JAYS zone. 0:59 of 2nd period - Shot by Daniel Sprong. 0:59 of 2nd period - Goal by Daniel Sprong - VANCOUVER VOODOO : 2 - SALEM BLACK JAYS : 2. 1:00 of 2nd period - Joshua Norris wins face-off versus Mathew Barzal in neutral zone. 1:07 of 2nd period - Shot by Josh Anderson.